 Dungeon Crawl Stone Soup version 0.17-a0-1731-g129c023 (webtiles) character file.

118482 Raurakos the Executioner (level 16, -4/226 HPs)
             Began as a Hill Orc Gladiator on Aug 28, 2015.
             Was the Champion of Okawaru.
             Killed from afar by a raiju (22 damage)
             ... with a living lightning
             ... on level 1 of the Abyss on Aug 29, 2015.
             The game lasted 01:50:48 (24826 turns).

Raurakos the Executioner (Hill Orc Gladiator)      Turns: 24826, Time: 01:50:52

Health: -4/226     AC: 27    Str: 25    XL:     16   Next: 77%
Magic:  20/20      EV: 10    Int: 10    God:    Okawaru [******]
Gold:   2549       SH:  0    Dex: 13    Spells: 0 memorised, 15 levels left

rFire  + + .     SeeInvis .     a - +10 battleaxe of Proximity {freeze, rC+ Dex+2}
rCold  + + .     Clarity  .     l - +5 plate armour "Bes Ofeck" {rF+ MR++ Dex-5 Stlth+}
rNeg   + . .     SustAt   +     (no shield)
rPois  +         Gourm    .     x - +2 hat {MR+}
rElec  .         Spirit   .     B - +2 cloak {rF+}
rCorr  .         Warding  +     U - +2 pair of gloves
rMut   .         Stasis   .     (no boots)
MR     ++++.                    w - amulet of warding
Stlth  ..........               (no ring)
                                k - ring of sustain attributes

@: berserking, very slightly contaminated, very quick, incredibly resistant to
hostile enchantments, extremely unstealthy
A: talons 1, clever 1, cold resistance 1, poison resistance, spit poison 1
a: Spit Poison, Heroism, Finesse, Renounce Religion


You were on level 1 of the Abyss.
You worshipped Okawaru.
Okawaru was exalted by your worship.
You were not hungry.

You visited 4 branches of the dungeon, and saw 23 of its levels.
You visited the Abyss 1 time.
You also visited: Ossuary, Bailey and Volcano.

You collected 2916 gold pieces.
You spent 367 gold pieces at shops.

Inventory:

Hand weapons
 a - the +10 battleaxe of Proximity (weapon) {freeze, rC+ Dex+2}
   (Okawaru gifted it to you on level 4 of the Orcish Mines)

   It has been specially enchanted to freeze those struck by it, causing extra
   injury to most foes and up to half again as much damage against particularly
   susceptible opponents.
   It can also slow down cold-blooded creatures.
   It affects your dexterity (+2).
   It protects you from cold.
 b - a +2 broad axe of flaming
 c - a +2 antimagic broad axe
 o - the +1 war axe "Bocaker" {chop, rF+ rC++}
   (Okawaru gifted it to you on level 1 of the Lair of Beasts)

   It inflicts extra damage upon your enemies.
   It protects you from fire.
   It greatly protects you from cold.
 p - a +9 executioner's axe of freezing
 u - a +3 broad axe of electrocution
Missiles
 e - 3 throwing nets
 t - 5 javelins of penetration (quivered)
Armour
 l - the +5 plate armour "Bes Ofeck" (worn) {rF+ MR++ Dex-5 Stlth+}
   (You found it on level 9 of the Dungeon)

   It affects your dexterity (-5).
   It protects you from fire.
   It affects your resistance to hostile enchantments.
   It makes you more stealthy.
 x - a +2 hat of magic resistance (worn)
 B - a +2 cloak of fire resistance (worn)
 U - a +2 pair of gloves (worn)
Jewellery
 h - an uncursed ring of ice
 k - a ring of sustain attributes (left hand)
 w - an amulet of warding (around neck)
 z - an uncursed ring of invisibility
Magical devices
 E - a wand of heal wounds (0)
 I - a wand of paralysis (5)
 K - a wand of disintegration (0)
 M - a wand of digging (14)
Scrolls
 f - a scroll of fog
 g - 10 scrolls of remove curse
 q - 3 scrolls of enchant armour
 r - 5 scrolls of recharging
 s - 4 scrolls of fear
 y - a scroll of identify
 C - 5 scrolls of magic mapping
 L - 5 scrolls of teleportation
 Q - 2 scrolls of blinking
Potions
 m - 4 potions of flight
 v - 2 potions of agility
 G - a potion of cure mutation
 H - 4 potions of might
 N - 4 potions of curing
 Y - 2 potions of resistance
 Z - 2 potions of berserk rage
Miscellaneous
 i - a sack of spiders
Comestibles
 d - 11 bread rations


   Skills:
 - Level 16.0 Fighting
 - Level 26.0 Axes
 - Level 2.0 Throwing
 - Level 8.1 Armour
 + Level 7.3 Dodging
 - Level 5.3 Invocations
 - Level 5.1 Evocations


You had 15 spell levels left.
You didn't know any spells.

Dungeon Overview and Level Annotations

Branches:
Dungeon (10/15)            Temple (1/1) D:4            Lair (8/8) D:10
  Swamp (0/4) Lair:3        Snake (0/4) Lair:3          Orc (4/4) D:10
    Elf (0/3) Orc:3
  Slime: Lair:6-8

Altars:
Ashenzari
Cheibriados
Dithmenos
Elyvilon
Fedhas
Gozag
Kikubaaqudgha
Makhleb
Nemelex Xobeh
Okawaru
Qazlal
Ru
Sif Muna
Trog
Vehumet
Xom
Yredelemnul
Zin
The Shining One

Shops:
D:9 %   Orc:1 ?

Annotations:
D:8 Maurice
Lair:7 exclusion: oklob plant
Lair:8 exclusion: oklob plant
Orc:3 Sonja


Innate Abilities, Weirdness & Mutations

You have sharp toenails.
Your mind is acute. (Int +2)
Your flesh is cold resistant.
Your system is resistant to poisons.
You can spit weak poison.


Message History

Nothing appears to happen.
This wand has 0 charges left.
The raiju bites you but does no damage.
The raiju bursts into living lightning!
The living lightning misses you.
The living lightning hits the raiju.
The raiju completely resists.
The living lightning hits the titan skeleton. x2
The living lightning hits the raiju.
The raiju completely resists.
The living lightning misses you.
The raiju blinks!
The raiju blinks!
The raiju blinks! x3
Evoke which item? (* to show all) (? for menu, Esc to quit)
This wand has no charges.
You're too confused!
Drink which item? (? for menu, Esc to quit)
A red film seems to cover your vision as you go berserk!
You feel yourself moving faster!
You feel mighty!
You feel less invigorated.
You feel less confused. The raiju bites you but does no damage.
The raiju bursts into living lightning!
The living lightning hits you!
You die...

. .. .. # .
≈ ..# # # §
# . .. . ≈
4h≈ # # .#
..## ..S#)≈
≈
#.#....#...
. hh ≈
#..###.#..
.. ###≈
#.Z.# # .#≈
≈ ##h###.
.. .#.#≈≈ ≈
#@## ..## .
. ≈ #h†# ..
# #.
#..X#†#. #
#..#.### .
# # #.#.#
... .#
##..# . .
##. ## #
#.. # ..##


You could see a thrashing horror, 2 raiju and a titan skeleton.

Vanquished Creatures
  A lich (Abyss:1)
  An Executioner (Abyss:1)
  Gastronok (Lair:2)
  2 tentacled starspawn (Abyss:1)
  Donald (Orc:4)
  Maud (Orc:3)
  A balrug (Abyss:1)
  2 very ugly things (Abyss:1)
  The ghost of Baka the Devastator, a powerful DEFE (Lair:3)
  A fire dragon (Lair:8)
  Josephine (Lair:6)
  A catoblepas (Lair:8)
  8 hydras
  13 death yaks (Lair:8)
  3 thrashing horrors (Abyss:1)
  Urug (Lair:4)
  A hell knight (Volcano)
  2 wretched stars (Abyss:1)
  A spatial maelstrom (Abyss:1)
  An unseen horror (D:10)
  2 lindwurms (Lair:8)
  A phantasmal warrior (Abyss:1)
  A starcursed mass (Abyss:1)
  3 hill giants
  Pikel (D:8)
  12 large abominations (Abyss:1)
  4 orc knights
  4 ugly things (Abyss:1)
  2 griffons
  3 worldbinders (Abyss:1)
  2 sixfirhies (Abyss:1)
  A guardian serpent (Abyss:1)
  A cyclops (Orc:2)
  20 elephants
  9 black mambas
  4 toenail golems (Volcano)
  Joseph (D:8)
  An apocalypse crab (Abyss:1)
  An orange demon (Abyss:1)
  Psyche (D:7)
  8 torpor snails
  2 centaur skeletons (D:10)
  14 spiny frogs
  A demonic crawler (Abyss:1)
  7 komodo dragons
  A tormentor (Abyss:1)
  An efreet (Abyss:1)
  A red devil (Volcano)
  3 ancient zymes (Abyss:1)
  A freezing wraith (Abyss:1)
  11 polar bears
  Prince Ribbit (D:9)
  12 blink frogs
  3 giant leeches (Lair:8)
  7 raiju
  Sigmund (D:6)
  6 humans (Lair:7)
  5 wraiths
  2 wyverns
  A chaos spawn (Abyss:1)
  4 basilisks
  2 neqoxecs (Abyss:1)
  A ynoxinul (Abyss:1)
  A deep elf fighter (D:10)
  Grum (D:8)
  3 fire bats (Abyss:1)
  72 yaks
  6 vampire mosquitoes (Lair:3)
  39 wolves
  10 hippogriffs
  13 wargs
  3 nagas (Lair:3)
  A hungry ghost (Abyss:1)
  2 spatial vortices (Abyss:1)
  2 soldier ants (D:8)
  5 hell hounds
  19 water moccasins
  4 wasps (Lair:8)
  10 small abominations (Abyss:1)
  10 porcupines
  17 orc warriors
  4 ice beasts
  7 ogres
  4 sky beasts
  A slave (D:8)
  A spider (D:8)
  12 black bears (Lair:8)
  An eye of draining (D:10)
  7 centaurs
  20 crocodiles
  13 giant frogs
  4 brain worms (Lair:8)
  A water moccasin zombie (D:7)
  5 killer bees (D:8)
  4 scorpions
  8 wights
  4 electric eels
  2 centaur zombies
  An iron imp (Abyss:1)
  10 orc priests
  3 crimson imps
  15 hounds
  5 giant frog skeletons
  3 jellies
  A human zombie (Ossuary)
  4 quasits (Abyss:1)
  23 orc wizards
  10 iguanas
  A gnoll shaman (D:7)
  6 worker ants
  40 sheep
  2 big kobold zombies (Ossuary)
  A hound skeleton (D:10)
  A hound zombie (D:3)
  2 mummies (Ossuary)
  18 gnolls
  81 river rats
  A shadow imp (D:9)
  10 adders
  5 ufetubi (Abyss:1)
  An ooze (D:3)
  20 worms
  2 adder zombies
  3 giant geckos
  141 orcs
  4 giant cockroaches
  6 hobgoblins
  16 jackals
  8 kobolds
  4 quokkas
  7 ball pythons
  13 bats
  A giant gecko skeleton (D:7)
  5 giant newts
  5 goblins
  A goblin zombie (Ossuary)
  2 hobgoblin zombies (Ossuary)
  3 jackal zombies (Ossuary)
  12 kobold zombies (Ossuary)
  11 orc zombies (Ossuary)
  2 quokka skeletons (D:5)
  10 rats
  A rat zombie (Ossuary)
  16 fungi
  A lurking horror (Abyss:1)
  5 plants
  2 starspawn tentacles (Abyss:1)
1074 creatures vanquished.

Vanquished Creatures (collateral kills)
  A lich (Abyss:1)
  A chaos spawn (Abyss:1)
  An orc warrior (Bailey)
  A sky beast (D:10)
  A white imp (Abyss:1)
  5 orcs (Bailey)
10 creatures vanquished.

Vanquished Creatures (others)
  A storm dragon skeleton (Abyss:1)
  A shock serpent simulacrum (Abyss:1)
  A steam dragon (Lair:7)
  An orc warrior (Bailey)
  A human (D:8)
  A brain worm (Abyss:1)
  A small abomination (Abyss:1)
  A jackal (D:8)
  5 bushes (Lair:8)
  30 fungi
  60 plants
  4 starspawn tentacles (Abyss:1)
  42 starspawn tentacle segments (Abyss:1)
149 creatures vanquished.

Grand Total: 1233 creatures vanquished

Notes
Turn   | Place    | Note
--------------------------------------------------------------
     0 | D:1      | Raurakos the Hill Orc Gladiator began the quest for the Orb.
     0 | D:1      | Reached XP level 1. HP: 18/18 MP: 1/1
    10 | D:1      | Noticed a water moccasin
    10 | D:1      | Noticed an iguana
    10 | D:1      | Noticed a swamp drake
   130 | D:1      | Reached XP level 2. HP: 23/25 MP: 2/2
   263 | D:1      | Reached skill level 5 in Axes
   844 | D:2      | Reached XP level 3. HP: 30/30 MP: 3/3
  1210 | D:2      | Reached skill level 6 in Axes
  1214 | D:2      | Reached XP level 4. HP: 22/37 MP: 4/4
  1508 | D:3      | Reached skill level 7 in Axes
  1569 | D:3      | Reached XP level 5. HP: 39/42 MP: 5/5
  2109 | D:2      | Reached skill level 8 in Axes
  2122 | D:3      | Reached XP level 6. HP: 39/50 MP: 6/6
  2397 | D:4      | Reached skill level 9 in Axes
  2562 | D:4      | Found a sand-covered staircase.
  2573 | Ossuary  | Entered an ossuary
  2818 | Ossuary  | Reached skill level 10 in Axes
  2818 | Ossuary  | Reached XP level 7. HP: 49/56 MP: 7/7
  3392 | D:4      | Found a staircase to the Ecumenical Temple.
  3401 | Temple   | Entered the Ecumenical Temple
  3487 | Temple   | Became a worshipper of Warmaster Okawaru
  3762 | D:5      | Entered Level 5 of the Dungeon
  3991 | D:5      | Reached skill level 5 in Fighting
  4016 | D:5      | Reached skill level 1 in Armour
  4028 | D:5      | Found a glowing silver altar of Zin.
  4372 | D:6      | Reached XP level 8. HP: 64/68 MP: 8/8
  4643 | D:6      | Noticed Sigmund
  4663 | D:6      | Killed Sigmund
  4663 | D:6      | Acquired Okawaru's first power
  4663 | D:6      | Reached skill level 5 in Armour
  4970 | D:7      | Reached skill level 11 in Axes
  5047 | D:7      | Reached XP level 9. HP: 74/74 MP: 9/9
  5087 | D:7      | Reached skill level 12 in Axes
  5093 | D:7      | Got a pitted mace
  5094 | D:7      | Identified the +8 mace of Destiny {drain, *Drain rC+++ Str+2 Stlth-} (You found it on level 7 of the Dungeon)
  5416 | D:7      | Reached skill level 13 in Axes
  5758 | D:8      | Noticed Grum
  5968 | D:8      | Noticed Psyche
  5969 | D:8      | Noticed Maurice
  5980 | D:7      | Killed Psyche
  5980 | D:7      | Reached skill level 14 in Axes
  6357 | D:8      | Reached skill level 15 in Axes
  6357 | D:8      | Reached XP level 10. HP: 74/81 MP: 10/10
  6430 | D:8      | Noticed Pikel
  6434 | D:8      | Noticed Joseph
  6442 | D:8      | Killed Pikel
  6453 | D:8      | Killed Joseph
  6453 | D:8      | Reached skill level 16 in Axes
  6526 | D:8      | Reached skill level 1 in Invocations
  6684 | D:8      | Killed Grum
  6798 | D:8      | Found an ancient bone altar of Kikubaaqudgha.
  7168 | D:9      | Noticed Prince Ribbit
  7181 | D:9      | Killed Prince Ribbit
  7380 | D:9      | Got a bloodstained plate armour
  7394 | D:9      | Identified the +5 plate armour "Bes Ofeck" {rF+ MR++ Dex-5 Stlth+} (You found it on level 9 of the Dungeon)
  7734 | D:9      | Acquired Okawaru's second power
  8109 | D:9      | Found Bonlidom's Food Shoppe.
  8348 | D:10     | Entered Level 10 of the Dungeon
  8365 | D:10     | Reached XP level 11. HP: 97/97 MP: 13/13
  8396 | D:10     | Noticed a hill giant
  8407 | D:9      | Killed a hill giant
  8420 | D:10     | Reached skill level 10 in Fighting
  8506 | D:10     | Found a flagged portal.
  8535 | Bailey   | Entered a bailey
  8766 | Bailey   | Noticed an orc knight
  8787 | Bailey   | Killed an orc knight
  8787 | Bailey   | Reached skill level 5 in Invocations
  8813 | Bailey   | Noticed an orc knight
  8814 | Bailey   | Noticed an orc knight
  8833 | Bailey   | Killed an orc knight
  8833 | Bailey   | Received a gift from Okawaru
  8849 | Bailey   | Killed an orc knight
  9217 | D:10     | Noticed a hill giant
  9227 | D:10     | Killed a hill giant
  9318 | D:10     | Reached skill level 17 in Axes
  9604 | D:10     | Noticed a hill giant
  9613 | D:10     | Killed a hill giant
  9613 | D:10     | Received a gift from Okawaru
  9639 | D:10     | Killed an unseen horror
  9661 | D:10     | Found a staircase to the Lair.
  9929 | D:10     | Found a staircase to the Orcish Mines.
  9970 | Lair:1   | Entered Level 1 of the Lair of Beasts
 10077 | Lair:1   | Reached skill level 18 in Axes
 10079 | Lair:1   | Reached XP level 12. HP: 89/106 MP: 16/16
 10842 | Lair:1   | Received a gift from Okawaru
 10845 | Lair:1   | Got a steaming war axe {god gift}
 10846 | Lair:1   | Identified the +1 war axe "Bocaker" {chop, rF+ rC++} (Okawaru gifted it to you on level 1 of the Lair of Beasts)
 11602 | Lair:2   | Got a steaming ring mail
 11613 | Lair:2   | Identified the +3 ring mail of Ugeiff {rPois} (You found it on level 2 of the Lair of Beasts)
 11710 | Lair:2   | Reached skill level 19 in Axes
 12368 | Lair:2   | Noticed Gastronok
 12431 | Lair:2   | Killed Gastronok
 12431 | Lair:2   | Reached skill level 20 in Axes
 12464 | Lair:2   | Received a gift from Okawaru
 13001 | Lair:3   | Reached skill level 21 in Axes
 13006 | Lair:3   | Reached XP level 13. HP: 76/113 MP: 17/17
 13078 | Lair:3   | Received a gift from Okawaru
 13081 | Lair:3   | Noticed Baka's ghost (powerful DEFE)
 13237 | Lair:3   | Found a dark tunnel.
 13246 | Volcano  | Entered a volcano
 13549 | Lair:3   | Killed Baka's ghost
 13549 | Lair:3   | Reached skill level 22 in Axes
 13653 | Lair:3   | Found a staircase to the Swamp.
 13677 | Lair:3   | Found a staircase to the Snake Pit.
 13993 | Lair:3   | Noticed a seven-headed hydra
 14000 | Lair:3   | Killed a four-headed hydra
 14485 | Lair:4   | Received a gift from Okawaru
 14687 | Lair:4   | Noticed Urug
 14707 | Lair:4   | Killed Urug
 14778 | Lair:4   | Reached skill level 23 in Axes
 15745 | Lair:5   | Reached XP level 14. HP: 107/121 MP: 18/18
 15836 | Lair:5   | Reached skill level 24 in Axes
 16207 | Lair:6   | Noticed Josephine
 16221 | Lair:6   | Killed Josephine
 16457 | Lair:6   | Received a gift from Okawaru
 17156 | Lair:7   | Reached skill level 25 in Axes
 17868 | Lair:7   | Found a sparkling altar of Nemelex Xobeh.
 18169 | Lair:8   | Entered Level 8 of the Lair of Beasts
 18397 | Lair:8   | Reached skill level 26 in Axes
 18400 | Lair:8   | Reached skill level 1 in Evocations
 18400 | Lair:8   | Reached XP level 15. HP: 90/126 MP: 14/19
 18427 | Lair:8   | Received a gift from Okawaru
 18437 | Lair:8   | Got a warped ring mail {god gift}
 18552 | Lair:7   | Identified the +0 ring mail "Plog" {rPois rCorr} (Okawaru gifted it to you on level 8 of the Lair of Beasts)
 18762 | Lair:8   | Reached skill level 5 in Evocations
 19796 | Lair:8   | Received a gift from Okawaru
 20095 | Lair:8   | Found a runed door.
 20632 | Lair:8   | Gained mutation: You are clumsy. (Dex -2) [potion of mutation]
 20632 | Lair:8   | Gained mutation: You are partially covered in rough black scales (AC +4, Dex -1). [potion of mutation]
 20632 | Lair:8   | Gained mutation: Your spells are a little easier to cast, but a little less powerful. [potion of mutation]
 20633 | Lair:8   | Lost mutation: Your spells are a little easier to cast, but a little less powerful. [potion of cure mutation]
 20633 | Lair:8   | Lost mutation: You are clumsy. (Dex -2) [potion of cure mutation]
 20633 | Lair:8   | Lost mutation: You are partially covered in rough black scales (AC +4, Dex -1). [potion of cure mutation]
 20634 | Lair:8   | Gained mutation: Your system is resistant to poisons. [potion of mutation]
 20634 | Lair:8   | Gained mutation: You can spit weak poison. [potion of mutation]
 20634 | Lair:8   | Gained mutation: Your flesh is cold resistant. [potion of mutation]
 21062 | Lair:1   | Upgraded the game from 0.17-a0-1719-g1afd5a1 to 0.17-a0-1731-g129c023
 21099 | Orc:1    | Entered Level 1 of the Orcish Mines
 21099 | Orc:1    | Found Ubrojot's Magic Scroll Shoppe.
 21132 | Orc:1    | Bought a scroll of enchant armour for 82 gold pieces
 21132 | Orc:1    | Bought a scroll of identify for 22 gold pieces
 21132 | Orc:1    | Bought a scroll of identify for 22 gold pieces
 21132 | Orc:1    | Bought a scroll of enchant armour for 82 gold pieces
 21132 | Orc:1    | Bought 2 scrolls of identify for 44 gold pieces
 21132 | Orc:1    | Bought a scroll of blinking for 82 gold pieces
 21133 | Orc:1    | Gained mutation: Your mind is acute. (Int +2) [potion of beneficial mutation]
 21134 | Orc:1    | Gained mutation: You have sharp toenails. [potion of beneficial mutation]
 21144 | Orc:1    | Bought a scroll of teleportation for 33 gold pieces
 22295 | Orc:3    | Noticed Maud
 22303 | Orc:3    | Killed Maud
 22533 | Orc:4    | Entered Level 4 of the Orcish Mines
 22610 | Orc:3    | Noticed Donald
 22621 | Orc:4    | Killed Donald
 22621 | Orc:4    | Received a gift from Okawaru
 22621 | Orc:4    | Reached XP level 16. HP: 127/147 MP: 14/20
 22622 | Orc:4    | Got an ichor-stained battleaxe {god gift}
 22703 | Orc:3    | Identified the +10 battleaxe of Proximity {freeze, rC+ Dex+2} (Okawaru gifted it to you on level 4 of the Orcish Mines)
 22829 | Orc:3    | Found a staircase to the Elven Halls.
 22832 | Orc:3    | Noticed Sonja
 22833 | Orc:3    | Reached skill level 15 in Fighting
 22841 | Orc:3    | Cast into the Abyss (Sonja)
 22964 | Abyss:1  | Noticed a lich
 22972 | Abyss:1  | Noticed an Executioner
 22983 | Abyss:1  | Killed a lich
 22988 | Abyss:1  | Killed an Executioner
 23053 | Abyss:1  | Found a corrupted altar of Lugonu.
 23098 | Abyss:1  | Found a corrupted altar of Lugonu.
 23856 | Abyss:1  | Noticed a tentacled starspawn
 24040 | Abyss:1  | Received a gift from Okawaru
 24055 | Abyss:1  | Reached skill level 5 in Dodging
 24127 | Abyss:1  | Noticed a lich
 24149 | Abyss:1  | Noticed a tentacled starspawn
 24152 | Abyss:1  | Killed a lich
 24163 | Abyss:1  | Killed a tentacled starspawn
 24344 | Abyss:1  | Noticed a tentacled starspawn
 24701 | Abyss:1  | Noticed a bone dragon
 24740 | Abyss:1  | Noticed a tentacled starspawn
 24754 | Abyss:1  | Killed a tentacled starspawn
 24817 | Abyss:1  | HP: 4/151 [raiju/living lightning (17)]
 24823 | Abyss:1  | HP: 1/151 [raiju/living lightning (9)]
 24826 | Abyss:1  | Killed from afar by a raiju

Vault maps used:
D:1:      onia_arrival_zoo_common
D:2:      st_stairs_4
D:3:      first_bread
D:4:      temple_hall, enter_ossuary_2, grunt_decor_arrowhead
D:5:      zin_academy
D:6:      minivault_4, uniq_sigmund
D:8:      hangedman_pestilent_swarm, tgw_kikubaaqudgha, uniq_pikel, uniq_psyche,
          uniq_grum, uniq_maurice, uniq_joseph
D:9:      serial_shops, nicolae_shop_temple_entry_statues_fountains,
          uniq_prince_ribbit1
D:10:     grunt_lair_entry_elf_guard_hut, hiddenorc1_lemuel, enter_bailey_2,
          fungi_pond_lemuel
Temple:   kilobyte_greek_temple_18
Lair:2:   beast_lair_carwin_6, uniq_gastronok
Lair:3:   minmay_swamp_entry_swarm, guppyfry_snake_entry_island,
          nicolae_volcano_entry_two_sided, serial_bayou_lagoon_b
Lair:4:   grunt_megastairs_3, lemuel_fruit_tree, lemuel_fruit_fields, uniq_urug
Lair:6:   st_stairs_10, kennysheep_basilisk_garden, uniq_josephine
Lair:7:   erik_1, minmay_slime_entry_oklob_enclosed, lemuel_centaur_altar
Lair:8:   wormcave, hangedman_lair_caniforms_friends, grunt_megastairs_4
Orc:1:    serial_shops, shop
Orc:2:    nooodl_orcs_dogs
Orc:3:    minmay_goldmine, basic_altar, nicolae_orc_pool_cavern, uniq_maud,
          uniq_donald, uniq_sonja
Orc:4:    st_orc_congregation, mines2_lemuel
Ossuary:  ossuary_tomb_1
Bailey:   bailey_polearm_5, bailey
Volcano:  volcano_pools

Action                   |  1- 3 |  4- 6 |  7- 9 | 10-12 | 13-15 | 16-18 || total
-------------------------+-------+-------+-------+-------+-------+-------++-------
Melee: War axe           |    84 |       |       |       |    23 |       ||   107
       Hand axe          |    26 |   177 |   189 |       |       |       ||   392
       Mace              |       |       |   112 |   308 |       |       ||   420
       Battleaxe         |       |       |       |    55 |       |   291 ||   346
       Executioner's axe |       |       |       |   228 |  1163 |    15 ||  1406
       Broad axe         |       |       |       |       |    35 |     4 ||    39
 Fire: Blowgun           |       |       |     8 |       |       |       ||     8
Throw: Stone             |     1 |    12 |    10 |     3 |       |       ||    26
       Javelin           |       |       |       |       |     2 |       ||     2
Invok: Heroism           |       |       |     1 |     6 |     3 |       ||    10
       Finesse           |       |       |       |     4 |     7 |     3 ||    14
Evoke: Wand              |       |       |     5 |     1 |     1 |     3 ||    10
  Use: Scroll            |     1 |     7 |     1 |    19 |    15 |     5 ||    48
       Potion            |       |       |       |     1 |     6 |    11 ||    18
 Stab: Invisible         |       |       |       |     6 |       |       ||     6
       Distracted        |       |       |       |       |     2 |     1 ||     3
  Eat: Chunk             |     1 |     5 |     7 |    19 |    32 |     1 ||    65
       Meat ration       |       |       |     1 |       |       |       ||     1
       Beef jerky        |       |       |       |     2 |     1 |     1 ||     4
       Bread ration      |       |       |       |       |       |     2 ||     2
